General information
- name: BNet
- type: Ladder team game (AT/RT)
- host: Battle.net
- saver: Holy+Crusader
map: Battleground
- players: 8
- length: 27:07
- speed: Fast
- version: 1.28 W3XP
- replay type: Public
» download(183 KB)
Players
team 1 (loser)

»
darksideofhemp (
purple | 61 APM | 962 actions | 15:49)
3 Priestess of the Moon
2 Searing Arrows
1 Trueshot Aura
» actions
| Assign group hotkey | 12 | |
| Basic commands | 91 | |
| Build / train | 46 | |
| Enter build submenu | 18 | |
| Enter hero's abilities submenu | 3 | |
| Give item / drop item | 2 | |
| Remove unit from queue | 1 | |
| Right click | 458 | |
| Select / deselect | 242 | |
| Select group hotkey | 56 | |
| Use ability | 33 | |
962 total
» units
| Wisp | 13 | |
| Archer | 3 | |
| Huntress | 3 | |
| Hippogryph | 6 | |
| Chimaera | 6 | |
31 total
» upgrades
| Reinforced Hides | 1 | |
| Strength of the Wild | 1 | |
| Corrosive Breath | 1 | |
3 total
» buildings
| Altar of Elders | 1 | |
| Moon Well | 6 | |
| Ancient of War | 1 | |
| Hunter's Hall | 1 | |
| Tree of Ages | 2 | |
| Ancient of Wonders | 1 | |
| Tree of Eternity | 1 | |
| Ancient of Wind | 1 | |
| Ancient Protector | 4 | |
| Chimaera Roost | 2 | |
20 total
» build order
00:24 Altar of Elders
00:27 Moon Well
01:40 Ancient of War
01:43 Moon Well
02:26 Hunter's Hall
02:59 Tree of Ages
03:00 Tree of Ages
03:20 Ancient of Wonders
03:39 Moon Well
05:21 Tree of Eternity
05:26 Ancient of Wind
07:18 Ancient Protector
07:21 Ancient Protector
07:51 Ancient Protector
07:55 Ancient Protector
08:48 Chimaera Roost
08:51 Chimaera Roost
09:23 Moon Well
09:27 Moon Well
11:19 Moon Well
» items
| Boots of Speed | 1 | |
| Dust of Appearance | 1 | |
| Scroll of Town Portal | 1 | |
3 total
dirtnapstories. (
pink | 113 APM | 3051 actions | 27:05)
7 Blademaster
3 Wind Walk
3 Critical Strike
1 Bladestorm
» actions
| Assign group hotkey | 142 | |
| Basic commands | 49 | |
| Build / train | 128 | |
| ESC pressed | 1 | |
| Enter build submenu | 50 | |
| Enter hero's abilities submenu | 7 | |
| Give item / drop item | 5 | |
| Right click | 1420 | |
| Select / deselect | 289 | |
| Select group hotkey | 732 | |
| Use ability | 228 | |
3051 total
» units
» upgrades
| Berserker Strength | 1 | |
| Pillage | 1 | |
| Ranged Weapons | 3 | |
| Armor | 4 | |
| Envenomed Spears | 1 | |
| Reinforced Defenses | 1 | |
| Masonry | 2 | |
| Spiked Barricades | 1 | |
14 total
» buildings
| Orc Burrow | 4 | |
| Altar of Storms | 1 | |
| Barracks | 1 | |
| Voodoo Lounge | 2 | |
| Stronghold | 2 | |
| War Mill | 1 | |
| Watch Tower | 18 | |
| Beastiary | 2 | |
| Fortress | 2 | |
| Great Hall | 1 | |
| Scout Tower | 16 | |
| Guard Tower | 8 | |
| Arcane Sanctum | 1 | |
| Cannon Tower | 14 | |
| Arcane Tower | 9 | |
82 total
» build order
00:11 Orc Burrow
00:52 Altar of Storms
01:08 Barracks
01:21 Orc Burrow
01:56 Voodoo Lounge
03:03 Orc Burrow
04:06 Stronghold
05:04 War Mill
05:28 Orc Burrow
06:22 Watch Tower
07:11 Beastiary
07:14 Beastiary
08:05 Fortress
09:27 Great Hall
09:35 Watch Tower
09:48 Watch Tower
11:03 Watch Tower
11:05 Watch Tower
11:30 Watch Tower
11:40 Watch Tower
12:53 Voodoo Lounge
13:37 Watch Tower
15:21 Watch Tower
15:22 Watch Tower
15:25 Watch Tower
15:26 Watch Tower
15:28 Watch Tower
16:13 Scout Tower
16:13 Scout Tower
16:14 Scout Tower
16:19 Scout Tower
16:19 Scout Tower
16:21 Scout Tower
16:22 Scout Tower
16:39 Watch Tower
16:42 Watch Tower
16:42 Watch Tower
17:40 Watch Tower
17:40 Watch Tower
17:42 Guard Tower
17:42 Guard Tower
17:42 Guard Tower
18:51 Scout Tower
18:52 Scout Tower
18:54 Scout Tower
18:55 Scout Tower
19:00 Arcane Sanctum
19:39 Guard Tower
19:40 Guard Tower
19:40 Guard Tower
19:42 Cannon Tower
19:43 Cannon Tower
19:45 Cannon Tower
19:45 Cannon Tower
19:46 Cannon Tower
20:58 Scout Tower
20:58 Scout Tower
20:59 Scout Tower
21:01 Scout Tower
21:02 Scout Tower
21:33 Arcane Tower
21:33 Arcane Tower
21:33 Arcane Tower
21:34 Cannon Tower
21:34 Cannon Tower
21:35 Cannon Tower
21:36 Cannon Tower
21:36 Cannon Tower
21:37 Cannon Tower
21:38 Arcane Tower
21:39 Arcane Tower
21:39 Arcane Tower
21:39 Arcane Tower
» items
| Healing Salve | 7 | |
| Lesser Clarity Potion | 5 | |
| Boots of Speed | 1 | |
| Scroll of Town Portal | 4 | |
| Orb of Lightning | 2 | |
| Periapt of Vitality | 1 | |
| Dust of Appearance | 1 | |
| Potion of Lesser Invulnerability | 1 | |
| Staff of Teleportation | 1 | |
| Potion of Mana | 1 | |
24 total

»
Tital (
orange | 53 APM | 852 actions | 16:01)
3 Archmage
2 Summon Water Elemental
1 Brilliance Aura
1 Mountain King
1 Storm Bolt
» actions
| Assign group hotkey | 17 | |
| Basic commands | 31 | |
| Build / train | 53 | |
| Enter build submenu | 27 | |
| Enter hero's abilities submenu | 4 | |
| Give item / drop item | 1 | |
| Remove unit from queue | 3 | |
| Right click | 339 | |
| Select / deselect | 173 | |
| Select group hotkey | 139 | |
| Use ability | 65 | |
852 total
» units
| Peasant | 8 | |
| Footman | 4 | |
| Rifleman | 7 | |
| Priest | 2 | |
| Sorceress | 2 | |
23 total
» upgrades
| Gunpowder | 2 | |
| Long Rifles | 1 | |
| Lumber Harvesting | 1 | |
| Magic Sentry | 1 | |
| Priest Training | 1 | |
| Sorceress Training | 1 | |
| Masonry | 1 | |
| Armor | 1 | |
9 total
» buildings
| Farm | 8 | |
| Altar of Kings | 1 | |
| Barracks | 1 | |
| Scout Tower | 5 | |
| Blacksmith | 1 | |
| Lumber Mill | 1 | |
| Arcane Vault | 1 | |
| Guard Tower | 3 | |
| Keep | 1 | |
| Arcane Sanctum | 2 | |
| Arcane Tower | 2 | |
26 total
» build order
00:22 Farm
00:36 Farm
00:39 Altar of Kings
01:04 Barracks
02:12 Scout Tower
02:23 Blacksmith
02:33 Farm
02:54 Lumber Mill
03:32 Farm
03:34 Farm
03:40 Arcane Vault
04:03 Guard Tower
04:49 Keep
04:55 Farm
04:58 Scout Tower
06:06 Guard Tower
06:56 Scout Tower
07:01 Scout Tower
07:12 Arcane Sanctum
07:16 Arcane Sanctum
07:40 Arcane Tower
08:28 Guard Tower
10:51 Scout Tower
10:53 Farm
11:49 Arcane Tower
12:00 Farm
» items
| Scroll of Regeneration | 4 | |
| Lesser Clarity Potion | 1 | |
| Scroll of Town Portal | 1 | |
6 total

»
xxwizardfacexx (
yellow | 58 APM | 940 actions | 16:06)
4 Archmage
2 Summon Water Elemental
2 Brilliance Aura
2 Paladin
1 Holy Light
1 Divine Shield
» actions
| Assign group hotkey | 30 | |
| Basic commands | 2 | |
| Build / train | 56 | |
| Enter build submenu | 23 | |
| Enter hero's abilities submenu | 6 | |
| Give item / drop item | 1 | |
| Right click | 345 | |
| Select / deselect | 180 | |
| Select group hotkey | 233 | |
| Use ability | 64 | |
940 total
» units
| Peasant | 13 | |
| Footman | 7 | |
| Ogre Mauler | 1 | |
| Knight | 3 | |
| Siege Engine | 5 | |
29 total
» upgrades
| Masonry | 1 | |
| Defend | 1 | |
| Swords | 1 | |
| Plating | 2 | |
| Gunpowder | 1 | |
| Barrage | 1 | |
| Lumber Harvesting | 1 | |
8 total
» buildings
| Farm | 10 | |
| Altar of Kings | 1 | |
| Barracks | 1 | |
| Scout Tower | 8 | |
| Lumber Mill | 1 | |
| Arcane Tower | 5 | |
| Guard Tower | 2 | |
| Arcane Vault | 1 | |
| Keep | 1 | |
| Blacksmith | 1 | |
| Castle | 1 | |
| Workshop | 3 | |
35 total
» build order
00:25 Farm
00:42 Altar of Kings
00:58 Barracks
01:07 Farm
01:52 Farm
02:37 Scout Tower
02:43 Lumber Mill
03:06 Arcane Tower
03:28 Scout Tower
03:31 Scout Tower
03:43 Scout Tower
03:54 Arcane Tower
04:13 Arcane Tower
04:16 Scout Tower
04:17 Scout Tower
04:44 Farm
04:50 Guard Tower
04:58 Guard Tower
05:19 Arcane Vault
05:27 Scout Tower
05:46 Farm
05:55 Arcane Tower
06:02 Farm
06:31 Scout Tower
06:53 Keep
07:01 Arcane Tower
07:23 Blacksmith
09:20 Castle
10:37 Workshop
10:37 Workshop
10:41 Farm
10:42 Farm
10:42 Farm
10:49 Workshop
16:03 Farm
» items
| Scroll of Regeneration | 1 | |
| Scroll of Town Portal | 1 | |
2 total
team 2 (winner)
hjd999 (
blue | 65 APM | 1473 actions | 22:33)
5 Crypt Lord
3 Carrion Beetles
1 Impale
1 Spiked Carapace
3 Death Knight
2 Death Coil
1 Unholy Aura
3 Lich
2 Frost Nova
1 Dark Ritual
» actions
| Assign group hotkey | 6 | |
| Basic commands | 282 | |
| Build / train | 83 | |
| Enter build submenu | 15 | |
| Enter hero's abilities submenu | 11 | |
| Give item / drop item | 2 | |
| Remove unit from queue | 1 | |
| Right click | 251 | |
| Select / deselect | 605 | |
| Select group hotkey | 139 | |
| Use ability | 78 | |
1473 total
» units
| Acolyte | 18 | |
| Ghoul | 9 | |
| Crypt Fiend | 3 | |
| Meatwagon | 6 | |
| Necromancer | 11 | |
| Obsidian Statue | 2 | |
49 total
» upgrades
| Web | 1 | |
| Exhume Corpses | 1 | |
| Necromancer Training | 1 | |
| Skeletal Longevity | 1 | |
| Skeletal Mastery | 1 | |
| Disease Cloud | 1 | |
6 total
» buildings
| Crypt | 1 | |
| Altar of Darkness | 1 | |
| Ziggurat | 6 | |
| Nerubian Tower | 3 | |
| Halls of the Dead | 5 | |
| Graveyard | 1 | |
| Tomb of Relics | 1 | |
| Slaughterhouse | 1 | |
| Temple of the Damned | 1 | |
| Black Citadel | 1 | |
21 total
» build order
00:08 Crypt
00:11 Altar of Darkness
00:15 Ziggurat
01:08 Nerubian Tower
01:08 Nerubian Tower
01:08 Nerubian Tower
02:13 Halls of the Dead
02:13 Halls of the Dead
02:14 Halls of the Dead
02:25 Graveyard
02:51 Ziggurat
03:54 Tomb of Relics
04:40 Slaughterhouse
04:43 Temple of the Damned
04:46 Ziggurat
04:47 Ziggurat
09:17 Black Citadel
10:50 Ziggurat
11:30 Ziggurat
» items
| Scroll of Town Portal | 1 | |
| Dust of Appearance | 1 | |
2 total
Holy+Crusader (
teal | 51 APM | 1396 actions | 27:07)
6 Paladin
3 Holy Light
1 Divine Shield
1 Devotion Aura
1 Resurrection
» actions
| Assign group hotkey | 43 | |
| Basic commands | 110 | |
| Build / train | 80 | |
| Enter build submenu | 45 | |
| Enter hero's abilities submenu | 6 | |
| Give item / drop item | 1 | |
| Remove unit from queue | 2 | |
| Right click | 436 | |
| Select / deselect | 373 | |
| Select group hotkey | 185 | |
| Use ability | 115 | |
1396 total
» units
| Peasant | 16 | |
| Footman | 6 | |
| Forest Troll Shadow Priest | 1 | |
| Dragonhawk Rider | 2 | |
| Gryphon Rider | 5 | |
30 total
» upgrades
| Defend | 1 | |
| Masonry | 3 | |
| Lumber Harvesting | 2 | |
| Cloud | 1 | |
| Storm Hammers | 1 | |
| Swords | 1 | |
| Armor | 1 | |
| Animal War Training | 1 | |
11 total
» buildings
| Altar of Kings | 1 | |
| Barracks | 1 | |
| Farm | 8 | |
| Scout Tower | 29 | |
| Arcane Tower | 1 | |
| Keep | 1 | |
| Lumber Mill | 2 | |
| Castle | 1 | |
| Gryphon Aviary | 5 | |
| Arcane Vault | 1 | |
| Guard Tower | 21 | |
| Town Hall | 2 | |
| Blacksmith | 2 | |
75 total
» build order
00:40 Altar of Kings
00:41 Barracks
00:51 Farm
00:56 Farm
01:05 Farm
01:39 Farm
01:42 Farm
02:15 Scout Tower
03:16 Arcane Tower
04:12 Keep
04:15 Lumber Mill
06:03 Scout Tower
06:04 Scout Tower
06:04 Scout Tower
06:06 Scout Tower
06:55 Castle
07:05 Gryphon Aviary
07:40 Arcane Vault
07:43 Guard Tower
08:48 Farm
08:53 Farm
08:55 Farm
11:32 Town Hall
11:35 Scout Tower
11:36 Scout Tower
11:36 Scout Tower
11:37 Scout Tower
11:45 Scout Tower
11:45 Scout Tower
11:46 Scout Tower
11:46 Scout Tower
11:47 Scout Tower
11:47 Scout Tower
11:48 Scout Tower
11:50 Scout Tower
12:13 Guard Tower
12:35 Guard Tower
12:36 Guard Tower
12:36 Guard Tower
12:39 Guard Tower
12:39 Guard Tower
12:40 Guard Tower
12:41 Guard Tower
12:41 Guard Tower
12:41 Guard Tower
12:47 Guard Tower
12:47 Guard Tower
12:48 Guard Tower
12:48 Guard Tower
12:49 Guard Tower
12:49 Guard Tower
12:49 Guard Tower
16:32 Town Hall
16:38 Scout Tower
16:39 Scout Tower
16:40 Scout Tower
16:40 Scout Tower
16:41 Scout Tower
16:41 Scout Tower
16:42 Scout Tower
16:42 Scout Tower
16:44 Scout Tower
16:45 Scout Tower
16:45 Scout Tower
16:45 Scout Tower
17:21 Gryphon Aviary
17:21 Gryphon Aviary
17:25 Gryphon Aviary
18:10 Lumber Mill
18:31 Gryphon Aviary
18:52 Guard Tower
20:04 Blacksmith
20:05 Blacksmith
» items
| Healing Salve | 2 | |
| Lesser Clarity Potion | 2 | |
| Scroll of Town Portal | 1 | |
| Staff of Teleportation | 1 | |
6 total
WITCHER-NETFLIX (
red | 59 APM | 1554 actions | 26:09)
4 Blademaster
2 Wind Walk
2 Critical Strike
» actions
| Assign group hotkey | 37 | |
| Basic commands | 176 | |
| Build / train | 57 | |
| Enter build submenu | 17 | |
| Enter hero's abilities submenu | 4 | |
| Remove unit from queue | 2 | |
| Right click | 537 | |
| Select / deselect | 179 | |
| Select group hotkey | 476 | |
| Use ability | 69 | |
1554 total
» units
| Peon | 11 | |
| Troll Batrider | 12 | |
| Wind Rider | 6 | |
29 total
» upgrades
| Ranged Weapons | 3 | |
| Reinforced Defenses | 1 | |
| Liquid Fire | 1 | |
| Armor | 2 | |
7 total
» buildings
| Altar of Storms | 1 | |
| Orc Burrow | 7 | |
| War Mill | 1 | |
| Voodoo Lounge | 1 | |
| Watch Tower | 9 | |
| Stronghold | 2 | |
| Beastiary | 3 | |
| Fortress | 1 | |
25 total
» build order
00:07 Altar of Storms
00:17 Orc Burrow
00:42 War Mill
01:03 Voodoo Lounge
01:56 Watch Tower
02:23 Watch Tower
02:42 Watch Tower
03:22 Stronghold
03:23 Stronghold
04:00 Watch Tower
04:05 Watch Tower
04:06 Watch Tower
04:28 Watch Tower
04:44 Orc Burrow
04:47 Orc Burrow
04:48 Orc Burrow
05:47 Watch Tower
06:54 Beastiary
06:56 Beastiary
07:31 Fortress
07:58 Watch Tower
16:07 Orc Burrow
16:11 Beastiary
16:26 Orc Burrow
16:26 Orc Burrow
» items
| Healing Salve | 3 | |
| Lesser Clarity Potion | 2 | |
| Staff of Teleportation | 1 | |
| Boots of Speed | 1 | |
| Scroll of Town Portal | 2 | |
9 total
OLIM1 (
green | 43 APM | 1118 actions | 25:53)
5 Blademaster
3 Wind Walk
2 Critical Strike
» actions
| Assign group hotkey | 16 | |
| Basic commands | 8 | |
| Build / train | 44 | |
| Enter build submenu | 17 | |
| Enter hero's abilities submenu | 5 | |
| Give item / drop item | 1 | |
| Remove unit from queue | 1 | |
| Right click | 532 | |
| Select / deselect | 165 | |
| Select group hotkey | 279 | |
| Use ability | 50 | |
1118 total
» units
| Peon | 8 | |
| Grunt | 4 | |
| Tauren | 4 | |
| Shaman | 6 | |
| Spirit Walker | 1 | |
23 total
» upgrades
| Ranged Weapons | 1 | |
| Armor | 1 | |
| Shaman Training | 2 | |
4 total
» buildings
| Altar of Storms | 2 | |
| Orc Burrow | 8 | |
| Barracks | 1 | |
| Voodoo Lounge | 1 | |
| War Mill | 1 | |
| Stronghold | 1 | |
| Fortress | 1 | |
| Spirit Lodge | 2 | |
| Tauren Totem | 2 | |
19 total
» build order
00:19 Altar of Storms
00:24 Orc Burrow
00:47 Barracks
01:39 Orc Burrow
01:53 Voodoo Lounge
02:18 War Mill
03:07 Orc Burrow
03:59 Stronghold
04:45 Orc Burrow
05:45 Orc Burrow
06:55 Fortress
06:58 Spirit Lodge
07:52 Orc Burrow
09:17 Tauren Totem
09:20 Tauren Totem
11:12 Spirit Lodge
12:33 Orc Burrow
22:47 Orc Burrow
22:51 Altar of Storms
» items
| Boots of Speed | 1 | |
| Circlet of Nobility | 1 | |
| Healing Salve | 1 | |
| Orb of Lightning | 1 | |
| Potion of Healing | 1 | |
| Scroll of Town Portal | 1 | |
6 total
Chat log
(00:10 / All) Holy+Crusader: + BY THIS SIGN YOU SHALL CONQUER
(00:12 / All) xxwizardfacexx: hello, friends!
(00:17 / All) dirtnapstories.: + IN HOC SIGNO VINCES +
(00:27 / All) WITCHER-NETFLIX: im geralt of rivia bitches
(00:29 / All) WITCHER-NETFLIX: and im coming to netflix
(00:33 / All) WITCHER-NETFLIX: 2019
(00:34 / All) xxwizardfacexx: VENI, VEDI, VICI!
(00:51 / All) xxwizardfacexx: epluribus anus
(01:31 / All) WITCHER-NETFLIX: dakota fanning as ciri
(02:04 / All) Holy+Crusader: why isn't paladin "p"?
(02:23 / All) xxwizardfacexx: bc no dipshit gets him as a 1st hero
(02:30 / All) xxwizardfacexx: its a warning
(02:57 / All) Holy+Crusader: I will show you the light of the true lord, heathen!
(04:59 / Allies) OLIM1: what u going red?
(05:08 / Allies) WITCHER-NETFLIX: bats my friend
(05:15 / Allies) OLIM1: kk
(05:26 / Allies) WITCHER-NETFLIX: can i get ward
(05:27 / Allies) WITCHER-NETFLIX: ill place
(05:32 / Allies) hjd999: coe, m
(07:01 / Allies) hjd999: come red give you time
(07:14 / Allies) WITCHER-NETFLIX: omw
(07:18 / Allies) hjd999: come red give you item
(08:23 / Allies) WITCHER-NETFLIX: chase
(08:25 / Allies) WITCHER-NETFLIX: him green
(08:52 / Allies) WITCHER-NETFLIX: green get orange am
(08:57 / Allies) OLIM1: kk
(10:35 / Allies) WITCHER-NETFLIX: tp
(12:16 / Allies) WITCHER-NETFLIX: gonna bat oj
(12:30 / Allies) WITCHER-NETFLIX: hit oj
(12:33 / Allies) WITCHER-NETFLIX: disstrac thim
(12:35 / Allies) WITCHER-NETFLIX: gonna bat him
(12:43 / Allies) WITCHER-NETFLIX: gogo
(14:05 / All) Holy+Crusader: DEUS VULT
(14:16 / All) Holy+Crusader: DEUS VULT
(14:17 / All) Holy+Crusader: GOD WILLS IT
(14:29 / All) Holy+Crusader: A CHRISTIAN ARMY BEARING THE SIGN OF CHRIST CANNOT BE DEFEATED
(15:23 / All) Holy+Crusader: DEUS VULT
(16:09 / Allies) OLIM1: gg
(16:10 / All) Holy+Crusader: DEUS VULT
(16:21 / All) OLIM1: gg
(16:32 / All) dirtnapstories.: gg time to leave you lose
(16:53 / Allies) Holy+Crusader: lumber brothers!
(17:35 / All) OLIM1: y
(18:13 / All) Holy+Crusader: DEUS VULT
(18:24 / All) WITCHER-NETFLIX: mistake sorry
(18:29 / Allies) hjd999: fuck yoiured
(18:37 / Allies) hjd999: you still kll my home
(18:47 / All) WITCHER-NETFLIX: REPEAT AFTER ME: FUCK YOU GERALT OF RIVIA
(19:44 / Allies) Holy+Crusader: I require much lumber, my brothers!
(21:00 / All) Holy+Crusader: DEUS VULKT
(21:11 / Allies) hjd999: redf fuckyhiou
(21:15 / All) Holy+Crusader: THE UNDEAD SHALL NEVER ENTER THE HOLY LAND!
(21:27 / All) Holy+Crusader: DEUS VULT
(21:30 / All) Holy+Crusader: DEUS VULT!
(21:51 / All) WITCHER-NETFLIX: fail tp
(22:01 / All) WITCHER-NETFLIX: empress cirilla would be disappoint
(22:01 / All) Holy+Crusader: THE ORCS ARE BARBARIAN HEATHENS
(22:05 / All) Holy+Crusader: THEY SHALL NEVER ENTER THE HOLY LAND
(22:09 / All) OLIM1: good god
(22:27 / All) dirtnapstories.: truce, teal? I'm a good Christian orc
(22:31 / All) dirtnapstories.: I'm not like the other orcs
(22:42 / All) Holy+Crusader: DO YOU ACCEPT JESUS CHRIST AS YOUR LORD AND SAVIOR?
(23:05 / All) dirtnapstories.: wow two runed bracers
(23:28 / All) Holy+Crusader: CHRIST THE LORD IMBUES HIS FAITHFUL WITH GREAT STRENGTH
(23:29 / All) WITCHER-NETFLIX: die granis
(23:39 / All) Holy+Crusader: AND THE WILL TO WITHSTAND GREAT DEAL OF PUNISHMENT
(23:58 / All) Holy+Crusader: I WILL SHOW YOU THE TRUE FAITH
(24:21 / All) Holy+Crusader: GODLESS HEATHENS SHALL NEVER TASTE VICTORY
(24:23 / All) Holy+Crusader: DEUS VULT
(24:28 / All) Holy+Crusader: BY THIS SIGN YOU WILL CONQUER +
(24:28 / All) WITCHER-NETFLIX: green i will give you a chance at a win if u call me "sir geralt"
(24:38 / All) dirtnapstories.: + IN HOC SIGNO VINCES +
(24:41 / All) Holy+Crusader: THE POWER DOES NOT REST IN YOUR HANDS
(24:45 / All) Holy+Crusader: YOU GODLESS HEATHEN!
(24:48 / All) WITCHER-NETFLIX: SPIRIT WALKER HAS TO DIE
(24:53 / All) Holy+Crusader: I WILL STRIKE THE FEAR OF THE LORD INTO YOU!
(25:50 / All) OLIM1: fuck all yall
(26:06 / All) WITCHER-NETFLIX: another game lets play at arond 11 i been inr oom too long
(26:27 / All) Holy+Crusader: stats
(26:29 / All) dirtnapstories.: who lose
(26:31 / All) dirtnapstories.: k
(26:47 / All) dirtnapstories.: my team is all way below 50%
(26:53 / All) Holy+Crusader: both of our legit are below 50%
(27:00 / All) Holy+Crusader: 3 legit lose for getting creamed I say
(27:04 / All) Holy+Crusader: DEUS VULT!